Map: Prion Terraces

Players

Emotong - Winner!

  • Race: Zerg Zerg
  • League: Platinum

LilDicky

  • Race: Terran Terran
  • League: Diamond

VOD

http://www.twitch.tv/tumescentpie

Description

Time

  • Played on: Dec. 1, 2015, 8:45 p.m.
  • Length: 13:25
Show
View Real Time Build Order
Export as new Build Order

Emotong Zerg - Winner!

Build Orders: Hatch First 

Get SALT Encoding   

  12  0:01  Drone  
  13  0:13  Overlord  
  13  0:18  Drone  
  14  0:31  Drone x2  
  14  0:35  Drone  
  17  0:57  Hatchery  
  16  1:08  Drone  
  17  1:16  Drone, Spawning Pool  
  17  1:20  Extractor  
  17  1:21  Drone  
  17  1:38  Drone  
  17  1:39  Drone  
  19  1:47  Overlord  
  19  1:56  Drone  
  20  2:03  Queen  
  20  2:08  Queen  
  24  2:25  Hatchery  
  23  2:37  Extractor  
  22  2:39  Metabolic Boost  
  22  2:47  Queen  
  24  2:54  Extractor  
  24  3:02  Drone x3, Pneumatized Carapace  
  28  3:06  Drone x2  
  30  3:21  Drone x4  
  30  3:22  Drone  
  35  3:27  Overlord  
  36  3:34  Zergling x2  
  36  3:37  Queen  
  38  3:45  Drone x4  
  42  3:53  Roach Warren  
  41  3:57  Drone x2  
  43  4:09  Zergling x6  
  46  4:10  Overlord  
  46  4:17  Overlord  
  46  4:27  Zergling x2  
  46  4:28  Zergling x4  
  46  4:29  Overlord x2  
  49  4:38  Overlord  
  49  4:40  Spore Crawler, Roach x2  
  49  4:41  Roach x4  
  49  4:44  Extractor  
  59  5:07  Drone x2  
  58  5:31  Zergling x4  
  58  5:32  Zergling x4  
  58  5:34  Overlord x2  
  60  5:36  Extractor  
  60  5:37  Extractor  
  58  5:43  Zergling x10  
  60  6:08  Queen  
  60  6:16  Zergling x2  
  60  6:17  Zergling x14  
  68  6:19  Overlord x2  
  68  6:22  Extractor  
  68  6:24  Drone x5, Extractor  
  71  6:26  Roach  
  73  6:34  Drone  
  73  6:35  Drone x3  
  69  6:54  Queen  
  69  6:57  Drone x3  
  71  7:22  Lair  
  71  7:23  Drone x3  
  71  7:26  Drone x7  
  81  7:30  Zergling x2  
  81  7:31  Zergling x4  
  81  7:32  Roach x3  
  81  7:48  Roach x4  
  81  7:49  Roach  
  85  7:54  Ravager  
  85  7:55  Ravager x2  
  88  8:00  Overlord  
  88  8:01  Spore Crawler, Roach x4  
  88  8:02  Roach x3  
  101  8:07  Overlord x2  
  99  8:13  Hatchery  
  96  8:25  Queen  
  96  8:26  Roach  
  104  8:27  Roach x6  
  104  8:33  Roach x6  
  114  8:36  Roach  
  114  8:37  Ravager  
  114  8:40  Ravager  
  108  8:56  Roach  
  108  8:57  Roach x3  
  108  8:58  Ravager x2  
  108  8:59  Ravager  
  117  9:20  Roach x5  
  127  9:24  Spire  
  127  9:26  Queen  
  128  9:33  Zergling x8  
  132  9:42  Evolution Chamber  
  132  9:44  Evolution Chamber, Queen  
  132  9:45  Drone x5  
  133  9:46  Drone x2  
  133  9:47  Overlord  
  133  9:52  Hatchery  
  136  9:59  Drone  
  137  10:00  Drone x7  
  144  10:08  Zerg Missile Weapons Level 1  
  144  10:22  Overlord x2  
  144  10:24  Extractor  
  144  10:26  Extractor  
  142  10:31  Overlord x2  
  142  10:35  Zerg Ground Armor Level 1  
  142  10:40  Hydralisk Den  
  142  10:41  Overlord x2  
  121  11:03  Queen  
  121  11:11  Drone x4, Spore Crawler  
  123  11:15  Mutalisk  
  123  11:16  Mutalisk x16  
  158  11:25  Zerg Flyer Weapons Level 1  
  158  11:40  Roach x5  
  156  11:57  Zergling x2  
  156  11:58  Zergling x12  
  163  12:19  Overlord x2  
  163  12:31  Roach x5  
  163  12:32  Roach  
  175  12:38  Roach x3  
  175  12:39  Roach x4  
  189  12:51  Roach x5  
Show
View Real Time Build Order
Export as new Build Order

LilDicky Terran 

Build Orders:  

Get SALT Encoding   

  12  0:02  SCV  
  14  0:14  SCV  
  14  0:17  Supply Depot  
  14  0:28  SCV  
  15  0:38  Refinery  
  15  0:41  SCV  
  16  0:45  Barracks  
  16  0:53  SCV  
  17  1:09  SCV  
  18  1:21  SCV  
  19  1:35  Reaper  
  19  1:38  Supply Depot  
  21  1:42  Orbital Command  
  20  1:47  Refinery  
  20  2:03  Factory  
  20  2:09  Barracks Tech Lab  
  20  2:10  SCV  
  21  2:20  Command Center  
  21  2:25  SCV  
  22  2:42  Marine  
  23  3:05  Marine  
  23  3:07  Siege Tank  
  23  3:10  Starport  
  23  3:12  SCV  
  27  3:24  SCV, Barracks x2  
  27  3:25  Barracks  
  28  3:28  Marine  
  28  3:33  Orbital Command  
  29  3:36  SCV  
  30  3:45  Siege Tank  
  33  3:49  Medivac  
  33  3:50  Marine  
  33  3:54  SCV  
  37  4:06  Orbital Command  
  37  4:11  Marine  
  37  4:13  SCV  
  39  4:19  Siege Tank, Medivac  
  44  4:28  Marine  
  44  4:29  Marine  
  46  4:36  SCV  
  47  4:38  SCV  
  48  4:46  Marine  
  48  4:48  Marine  
  48  4:49  Medivac  
  52  5:04  Marine  
  53  5:14  Marine  
  50  5:22  Marine  
  48  5:35  Marine  
  49  5:40  Marine  
  49  5:41  Barracks x2  
  49  5:42  Siege Tank, Barracks  
  53  5:43  Liberator  
  53  5:53  Marine  
  54  5:59  Marine  
  53  6:18  Marine  
  53  6:21  Barracks Tech Lab  
  53  6:24  Supply Depot x2  
  54  6:29  Command Center  
  54  6:31  Supply Depot  
  54  6:33  SCV  
  55  6:40  Liberator  
  49  6:54  Marine x2  
  49  6:55  Marine x3  
  49  6:56  Siege Tank  
  58  7:12  Marine x3  
  58  7:13  Marine x2  
  61  7:19  SCV  
  62  7:23  Liberator  
  62  7:30  Marine x2  
  65  7:48  Marine x2  
  65  7:49  Marine  
  68  7:51  Marine x2  
  70  8:06  Marine x3  
  70  8:25  Marine  
  70  8:26  Marine x3  
  64  8:39  Marine  
  65  8:43  Siege Tank, Marine  
  65  8:44  Marine x3  
  62  8:56  Marine  
  62  9:01  Marine x3  
  62  9:02  Marine  
  67  9:11  Factory  
  67  9:14  Command Center  
  67  9:15  Factory, Marauder  
  68  9:19  Marine x4  
  66  9:35  SCV  
  66  9:36  SCV, Marauder  
  66  9:37  Orbital Command, Marine x2  
  63  9:48  SCV x2, Siege Tank  
  63  9:51  Stimpack  
  63  9:52  Barracks Tech Lab x2, Refinery  
  66  9:54  Marine  
  66  9:58  Refinery, Marine x2  
  69  10:00  SCV, Barracks  
  69  10:01  SCV, Barracks  
  69  10:02  Barracks  
  71  10:10  Factory Tech Lab  
  71  10:11  Factory Tech Lab  
  71  10:12  Marine  
  71  10:13  SCV x2  
  74  10:15  Refinery  
  74  10:16  Marine x2  
  74  10:18  Refinery  
  76  10:25  SCV x2  
  78  10:29  Orbital Command  
  78  10:31  Siege Tank  
  78  10:32  Siege Tank x2, Marine  
  78  10:33  Marine x2  
  90  10:36  Starport Reactor  
  90  10:40  Orbital Command  
  73  11:04  Marine x4  
  73  11:05  Marine  
  76  11:21  Barracks Tech Lab x2  
  76  11:22  Barracks Tech Lab, Marine x5  
  74  11:28  Siege Tank x2  
  77  11:33  Armory  
  77  11:37  SCV x2  
  79  11:40  Marine x2  
  79  11:41  Marauder x3  
  79  11:46  Marine x2  
  79  11:47  Marine  
  69  11:57  Marine  
  69  11:58  Marine  
  71  12:01  Marine  
  71  12:02  Marauder, Marine  
  71  12:04  Marine  
  76  12:15  Marine  
  76  12:16  Marine  
  76  12:17  Engineering Bay, Marine  
  76  12:18  Marine  
  76  12:19  Marine x2  
  76  12:21  Medivac x2  
  76  12:22  Thor, Marauder  
  94  12:24  Marauder  
  94  12:32  Engineering Bay  
  94  12:33  Marine  
  94  12:34  Marine  
  94  12:36  Marauder x2  
  96  12:37  Marine  
  96  12:38  Marauder  
  104  12:44  Marauder  
  104  12:47  Marine  
  104  12:51  Marine x2  
  98  12:55  Marine  
Tags
 
Add a new tag
Caveats
  • Supply blocks, unpowered buildings, or Contaminate may cause inaccurate times.
  • Supply counts are checked every 10 seconds.